[Event "Titled Tuesday Blitz February 07 Early 2023"]
[White "Fabris, Alberto"]
[Black "Andreev, Konstantin"]
[WhiteFideId "801348"]
[BlackFideId "24239305"]
[WhiteElo "2230"]
[BlackElo "2195"]
[Result "1/2-1/2"]
[Round "04"]
[TimeControl "180+2"]
[Date "2023.02.07"]
[WhiteClock "0:00:05"]
[BlackClock "0:00:14"]

1. e4 c5 2. Nf3 e6 3. d4 cxd4 4. Nxd4 Nc6 5. Nb5 d6 6. c4 Nf6 7. N1c3 Be7 8. Be2 a6 9. Na3 O-O 10. O-O b6 11. Be3 Bb7 12. f3 Rc8 13. b3 Na5 14. Nc2 d5 15. e5 Nd7 16. cxd5 Rxc3 17. d6 Bg5 18. f4 Bh6 19. Qd2 Rc8 20. Nb4 Nc5 21. Bxc5 Rxc5 22. Nxa6 Rd5 23. Qe3 Qa8 24. Nc7 Qa7 25. Nxd5 Bxd5 26. Bf3 Bxf3 27. Qxf3 f6 28. Qe4 Nb7 29. b4 b5+ 30. Kh1 Qb6 31. h3 Nd8 32. Rad1 Qa6 33. d7 Qxa2 34. Qd3 Qb2 35. Qxb5 Qc3 36. Qc5 Qg3 37. Qf2 Qb3 38. Rb1 Qd5 39. Qf3 Qxd7 40. Qe4 Qb5 41. Rfe1 Nc6 42. exf6 Rxf6 43. Rbc1 Ne7 44. Qc4 Qxc4 45. Rxc4 Bxf4 46. b5 Nd5 47. Rc6 Bg3 48. Ra1 Kf7 49. b6 Rf2 50. Rb1 Ne3 51. b7 Nxg2 52. b8=Q Bxb8 53. Rxb8 Nf4 54. Rb7+ Kf6 55. Rcc7 g6 56. Rxh7 e5 57. h4 Kf5 58. Rbf7+ Kg4 59. Kg1 Kg3 60. Rxf4 Rxf4 61. h5 gxh5 62. Rxh5 Kf3 63. Rxe5 Rg4+ 64. Kf1 Kf4 65. Ra5 Rg3 66. Ra4+ Ke5 67. Ra5+ Kd4 68. Ra4+ Kc5 69. Ra5+ Kc4 70. Ra2 Kb5 71. Rb2+ Kc4 72. Rc2+ Kb3 73. Rd2 Rc3 74. Re2 Rc8 75. Kf2 Rf8+ 76. Ke3 Kc4 77. Kd2 Kd4 78. Rg2 Ra8 79. Rg4+ Ke5 80. Rb4 Ra2+ 81. Kc3 Ra3+ 82. Kb2 Rh3 83. Rb3 Rh2+ 84. Ka3 Kd4 85. Rb4+ Kc5 86. Rb3 Rh1 87. Rb2 Kc4 88. Rc2+ Kb5 89. Rc3 Rg1 90. Kb3 Rb1+ 91. Kc2 Rh1 92. Rg3 Kc4 93. Kd2 Kd5 94. Ke2 Rh2+ 95. Kf3 Ke5 96. Rg2 Rh3+ 97. Rg3 Rh1 98. Rg5+ Kf6 99. Ra5 Rf1+ 100. Ke3 Rb1 101. Kd3 Rb3+ 102. Kc4 Rh3 103. Kd4 Ke6 104. Ke4 Rh4+ 105. Kf3 Rb4 106. Ke3 Kd6 107. Kd3 Kc6 108. Kc3 Rh4 109. Kd3 Kb6 110. Rg5 Rh3+ 111. Ke4 Rb3 112. Kd4 Ra3 113. Ke4 1/2-1/2


[Site "https://www.chess.com"]

[Event "Titled Tuesday Blitz February 07 Early 2023"]
[White "Burke, John F"]
[Black "Grigorov, Grigor"]
[WhiteFideId "2052970"]
[BlackFideId "2907313"]
[WhiteElo "2013"]
[BlackElo "2510"]
[Result "0-1"]
[Round "04"]
[TimeControl "180+2"]
[Date "2023.02.07"]
[WhiteClock "0:00:08"]
[BlackClock "0:01:09"]

1. d4 Nf6 2. c4 e6 3. Nf3 b6 4. Nc3 Bb7 5. a3 d5 6. Bg5 Be7 7. e3 O-O 8. Rc1 Nbd7 9. cxd5 exd5 10. Bd3 c5 11. O-O h6 12. Bh4 Re8 13. Bb1 Ne4 14. Bxe7 Qxe7 15. dxc5 Nxc3 16. Rxc3 bxc5 17. Qc2 g6 18. Rd1 Rac8 19. Qb3 Nb6 20. Qb5 d4 21. exd4 Bxf3 22. Rxf3 cxd4 23. g3 Red8 24. Qd3 Nc4 25. Ba2 Ne5 26. Bxf7+ Kg7 0-1


[Site "https://www.chess.com"]

[Event "Titled Tuesday Blitz February 07 Early 2023"]
[White "Sharapov, Evgeny"]
[Black "Zanette, Edgard Vinicius"]
[WhiteFideId "14103133"]
[BlackFideId "2109263"]
[WhiteElo "2375"]
[BlackElo "2085"]
[Result "1-0"]
[Round "04"]
[TimeControl "180+2"]
[Date "2023.02.07"]
[WhiteClock "0:00:11"]
[BlackClock "0:00:07"]

1. e4 c5 2. Nf3 d6 3. d4 cxd4 4. Nxd4 Nf6 5. f3 e5 6. Nb3 Be6 7. c4 Be7 8. Nc3 O-O 9. Be3 a5 10. Be2 a4 11. Nd2 a3 12. b3 Nc6 13. O-O Nd7 14. Nd5 Bg5 15. Bf2 f5 16. exf5 Bxf5 17. Ne4 Bxe4 18. fxe4 Nc5 19. Bf3 Ne7 20. Nxe7+ Qxe7 21. Qd5+ Kh8 22. Rad1 Rad8 23. Bg4 g6 24. g3 h5 25. Bh3 Qc7 26. Kg2 Kg7 27. Bg1 Rxf1 28. Rxf1 Rf8 29. Rxf8 Kxf8 30. b4 Na6 31. Qb5 Kg7 32. Be6 Qe7 33. Bd5 Nc7 34. Qxb7 Nxd5 35. Qxd5 h4 36. c5 dxc5 37. Bxc5 Qf6 38. b5 h3+ 39. Kg1 Qf3 40. Qd7+ Kg8 41. Qxh3 Qd1+ 42. Kg2 Qe2+ 43. Bf2 Qxe4+ 44. Kf1 Qc4+ 45. Kg1 Qc1+ 46. Kg2 Qb2 47. Qe6+ Kh7 48. Qf7+ Kh6 49. b6 e4 50. h4 Be3 51. b7 Bxf2 52. Qxf2 Qxb7 53. Qf4+ Kh7 54. Kh3 Qd7+ 55. Qg4 Qxg4+ 56. Kxg4 e3 57. Kf3 e2 58. Kxe2 1-0


[Site "https://www.chess.com"]

[Event "Titled Tuesday Blitz February 07 Early 2023"]
[White "Osmonbekov, Talaibek"]
[Black "Ortega Amarelle, Mariano"]
[WhiteFideId "2017253"]
[BlackFideId "3504301"]
[WhiteElo "2137"]
[BlackElo "2472"]
[Result "0-1"]
[Round "04"]
[TimeControl "180+2"]
[Date "2023.02.07"]
[WhiteClock "0:00:19"]
[BlackClock "0:01:39"]

1. d4 c5 2. c3 g6 3. Nf3 Bg7 4. Bf4 Nf6 5. Nbd2 b6 6. h3 Bb7 7. e3 O-O 8. Be2 d6 9. O-O Nbd7 10. a4 a6 11. Qb3 Rc8 12. Qa2 Rc7 13. Qb3 Qa8 14. Rfe1 Ne4 15. Nxe4 Bxe4 16. Bh2 Rcc8 17. Red1 c4 18. Bxc4 Bxf3 19. gxf3 Qxf3 20. Bf1 Qb7 21. Bg2 Qc7 22. e4 e5 23. Bf1 a5 24. Bb5 Nf6 25. Qc2 Nh5 26. Qe2 Bh6 27. dxe5 dxe5 28. Rd7 Qc5 29. Rd5 Qe7 30. Rxe5 Qf6 31. Rd5 Bf4 0-1


[Site "https://www.chess.com"]

[Event "Titled Tuesday Blitz February 07 Early 2023"]
[White "Bashirli, Saadat"]
[Black "Eynullayev, Atilla"]
[WhiteFideId "13429990"]
[BlackFideId "13413570"]
[WhiteElo "1571"]
[BlackElo "2281"]
[Result "0-1"]
[Round "04"]
[TimeControl "180+2"]
[Date "2023.02.07"]
[WhiteClock "0:01:10"]
[BlackClock "0:01:38"]

1. e4 c5 2. Nf3 e6 3. c4 Nc6 4. Nc3 Nf6 5. d4 cxd4 6. Nxd4 Bb4 7. Nxc6 bxc6 8. Bd3 e5 9. O-O O-O 10. Bg5 h6 11. Bxf6 Qxf6 12. Ne2 a5 13. f4 exf4 14. Nxf4 Qxb2 15. Kh1 Qe5 16. Qf3 Bd6 17. g3 Bc5 18. Rad1 d6 19. Ng6 fxg6 20. Qxf8+ Kh7 21. Qf3 Bh3 22. Rfe1 h5 23. Rb1 Bg4 24. Qf4 Qxf4 25. gxf4 Bf3# 0-1


[Site "https://www.chess.com"]

[Event "Titled Tuesday Blitz February 07 Early 2023"]
[White "Womacka, Mathias"]
[Black "Van den Dikkenberg, Erik"]
[WhiteFideId "4611390"]
[BlackFideId "1005880"]
[WhiteElo "2396"]
[BlackElo "2091"]
[Result "0-1"]
[Round "04"]
[TimeControl "180+2"]
[Date "2023.02.07"]
[WhiteClock "0:00:02"]
[BlackClock "0:00:10"]

1. e4 c5 2. Nf3 d6 3. d4 cxd4 4. Nxd4 Nf6 5. c3 Nxe4 6. Bc4 Nc6 7. Qh5 g6 8. Qd5 Be6 9. Nxe6 fxe6 10. Qxe6 Nc5 11. Qf7+ Kd7 12. Be3 Ne5 13. Bb5+ Kc7 14. Qd5 e6 15. Qd2 a6 16. Be2 Qf6 17. O-O Be7 18. Na3 Rad8 19. f4 Nc6 20. Nc4 Rhf8 21. b4 Ne4 22. Qc2 d5 23. Bb6+ Kb8 24. Bxd8 Rxd8 25. Rac1 Nxc3 26. Qxc3 Qxc3 27. Rxc3 Bxb4 28. Rcc1 dxc4 29. Bxc4 Nd4 30. Rcd1 Bc5 31. Kh1 b5 32. Bd3 Kc7 33. Be4 Kb6 34. Rd3 Rf8 35. g3 a5 36. Rfd1 Rd8 37. Kg2 b4 38. h4 a4 39. h5 gxh5 40. Rh1 b3 41. axb3 axb3 42. Rxh5 b2 43. Rd1 Rg8 44. Rxh7 Nf5 45. Rb7+ Ka6 0-1


[Site "https://www.chess.com"]

[Event "Titled Tuesday Blitz February 07 Early 2023"]
[White "Gurevich, Dmitry"]
[Black "Sovetbekova, Nurai"]
[WhiteFideId "2000407"]
[BlackFideId "13801910"]
[WhiteElo "2393"]
[BlackElo "1764"]
[Result "1-0"]
[Round "04"]
[TimeControl "180+2"]
[Date "2023.02.07"]
[WhiteClock "0:00:51"]
[BlackClock "0:00:09"]

1. d4 Nf6 2. c4 g6 3. Nc3 d5 4. Nf3 Bg7 5. cxd5 Nxd5 6. Bd2 c5 7. Rc1 Nxc3 8. Bxc3 cxd4 9. Nxd4 O-O 10. e3 Qb6 11. Be2 Rd8 12. Qd2 Nc6 13. Qc2 Nxd4 14. Bxd4 Bxd4 15. exd4 Bf5 16. Qb3 Qxb3 17. axb3 Rxd4 18. Rc7 Rd7 19. Rxd7 Bxd7 20. Bf3 Bc6 21. Bxc6 bxc6 22. Kd2 Kf8 23. Rc1 Rb8 24. Kc3 Ke8 25. Ra1 Rb7 26. Ra6 Kd7 27. b4 Kd6 28. Kc4 e5 29. f3 f5 30. h4 e4 31. fxe4 fxe4 32. g3 h5 33. Ra1 Re7 34. Rd1+ Ke5 35. Rf1 Rd7 36. Rf8 Rd4+ 37. Kc3 Rd3+ 38. Kc4 Rxg3 39. Re8+ Kf4 40. Re6 Rg2 41. Kc3 e3 42. Rxc6 e2 43. Kd2 Kf3 44. Rf6+ Kg4 45. Rxg6+ Kh3 46. Rg5 Kxh4 47. Rxg2 1-0


[Site "https://www.chess.com"]

[Event "Titled Tuesday Blitz February 07 Early 2023"]
[White "Stolz, Mike"]
[Black "Herman, Daniel"]
[WhiteFideId "4617134"]
[BlackFideId "30935008"]
[WhiteElo "2330"]
[BlackElo "1956"]
[Result "0-1"]
[Round "04"]
[TimeControl "180+2"]
[Date "2023.02.07"]
[WhiteClock "0:00:27"]
[BlackClock "0:00:07"]

1. e4 e5 2. Nf3 Nc6 3. Bb5 a6 4. Ba4 Nf6 5. O-O b5 6. Bb3 Bc5 7. c3 d6 8. a4 Bb7 9. d4 Bb6 10. d5 Ne7 11. a5 Ba7 12. Bc2 c6 13. dxc6 Bxc6 14. Bg5 Ng6 15. Nbd2 h6 16. Be3 Bxe3 17. fxe3 O-O 18. Qe2 Qc7 19. h4 Qb7 20. Qd3 Rad8 21. Rad1 Rfe8 22. Kh1 Nf8 23. Nh2 Ne6 24. Rxf6 gxf6 25. Ng4 Kg7 26. Rf1 Nc5 27. Qe2 Nxe4 28. Nxe4 Bxe4 29. Nxf6 Bg6 30. Bxg6 fxg6 31. Nxe8+ Rxe8 32. Qf2 Qe7 33. e4 Rf8 34. Qxf8+ Qxf8 35. Rxf8 Kxf8 36. g4 Ke7 37. Kg2 Ke6 38. Kf3 d5 39. b3 d4 40. cxd4 exd4 41. Ke2 Ke5 42. Kd3 h5 43. g5 b4 44. Kc4 Kxe4 45. Kxb4 d3 0-1


[Site "https://www.chess.com"]

[Event "Titled Tuesday Blitz February 07 Early 2023"]
[White "Ronka, Erik"]
[Black "Rosh Jain"]
[WhiteFideId "505080"]
[BlackFideId "25789465"]
[WhiteElo "2276"]
[BlackElo "2248"]
[Result "0-1"]
[Round "04"]
[TimeControl "180+2"]
[Date "2023.02.07"]
[WhiteClock "0:00:03"]
[BlackClock "0:00:33"]

1. d4 Nf6 2. Bg5 Ne4 3. Bf4 d5 4. e3 e6 5. Nf3 Bd6 6. Bd3 Nf6 7. Nbd2 c5 8. c3 Qc7 9. Bg3 Nbd7 10. O-O O-O 11. Qe2 e5 12. dxe5 Nxe5 13. Nxe5 Bxe5 14. e4 Bxg3 15. hxg3 dxe4 16. Nxe4 Nxe4 17. Qxe4 g6 18. g4 Be6 19. f3 Rfe8 20. Bc4 Rad8 21. Rad1 b6 22. Kf2 Bxc4 23. Qxc4 Qe7 24. Rde1 Rd2+ 25. Kg1 Qd7 26. Rxe8+ Qxe8 27. Rf2 Qe3 28. Qf1 Rxb2 29. a4 Rc2 30. g3 Rc1 31. Kg2 Rxf1 0-1


[Site "https://www.chess.com"]

[Event "Titled Tuesday Blitz February 07 Early 2023"]
[White "Fan_Of_Chucky"]
[Black "Dolezal, Cristian"]
[BlackFideId "103560"]
[WhiteElo "2269"]
[BlackElo "2355"]
[Result "0-1"]
[Round "04"]
[TimeControl "180+2"]
[Date "2023.02.07"]
[WhiteClock "0:00:01"]
[BlackClock "0:00:41"]

1. d4 Nf6 2. c4 c5 3. Nf3 g6 4. g3 Bg7 5. Bg2 cxd4 6. Nxd4 Nc6 7. O-O O-O 8. Nc3 Nxd4 9. Qxd4 d6 10. Rd1 Be6 11. Bxb7 Nd5 12. Qd2 Nxc3 13. bxc3 Rb8 14. Bd5 Bf5 15. Ba3 Qc7 16. Rac1 Rfd8 17. Qe3 Bh3 18. c5 dxc5 19. Qxc5 Qe5 20. Bg2 Be6 21. Qxe5 Bxe5 22. Rxd8+ Rxd8 23. Bxe7 Rd7 24. Bc5 Bxa2 25. f4 Bf6 26. Ra1 Rd2 27. Bxa7 Rxe2 28. Bd4 Bxd4+ 29. cxd4 Rd2 30. h3 Kg7 31. g4 Bc4 32. Ra4 Bb3 33. Rb4 Be6 34. d5 Bxd5 35. Bxd5 Rxd5 36. Kf2 Rd3 37. Re4 Rxh3 38. g5 Ra3 39. Re7 Ra4 40. Kf3 Ra3+ 41. Kg4 Ra1 42. Rd7 Rg1+ 43. Kf3 Rh1 44. Rc7 h6 45. gxh6+ Rxh6 46. Kg4 Rh5 47. Rd7 Rf5 48. Rc7 Kf8 49. Rb7 Rd5 50. Rc7 Kg7 51. Rb7 Rd6 52. Kg5 Rf6 53. Rb8 Rf5+ 54. Kg4 Rh5 55. Rb6 Rh7 56. Kg5 f6+ 57. Kg4 Rh8 58. Rb7+ Kh6 59. Rb6 f5+ 60. Kf3 Rc8 61. Rb7 Rc3+ 62. Kg2 Kh5 63. Rg7 Rd3 64. Kf2 Kg4 65. Rxg6+ Kxf4 66. Rh6 Rd2+ 67. Ke1 Rg2 68. Rh3 Rg3 69. Rh4+ Kf3 70. Ra4 Rg1+ 71. Kd2 f4 72. Ra3+ Kf2 73. Ra2 f3 74. Kd3+ Kg3 75. Ke4 f2 76. Ra3+ Kg4 77. Rf3 Re1+ 0-1


[Site "https://www.chess.com"]

[Event "Titled Tuesday Blitz February 07 Early 2023"]
[White "Goncalves, Davi Sulzbacher"]
[Black "Zaksaite, Salomeja"]
[WhiteFideId "2154510"]
[BlackFideId "12801496"]
[WhiteElo "2282"]
[BlackElo "2283"]
[Result "0-1"]
[Round "04"]
[TimeControl "180+2"]
[Date "2023.02.07"]
[WhiteClock "0:00:12"]
[BlackClock "0:00:02"]

1. Nf3 Nf6 2. g3 g6 3. Bg2 Bg7 4. O-O d5 5. d4 O-O 6. Bf4 c5 7. c3 b6 8. Nbd2 Bb7 9. Ne5 Nfd7 10. Ndc4 Nxe5 11. Nxe5 Nd7 12. Nxd7 Qxd7 13. dxc5 bxc5 14. Qd2 e5 15. Bh6 d4 16. Bxg7 Kxg7 17. cxd4 Bxg2 18. Kxg2 cxd4 19. Rac1 Rab8 20. b3 Rfd8 21. Qa5 Rb5 22. Qc7 Qd5+ 23. Kg1 e4 24. Qxa7 Ra5 25. Qe7 Rxa2 26. Rc5 Qd6 27. Qxd6 Rxd6 28. Re1 Rb2 29. Re5 f5 30. Rb5 Rd7 31. Kf1 d3 32. exd3 Rxd3 33. Rb7+ Kf6 34. Kg1 Rdd2 35. Rf1 e3 36. Rb6+ Ke5 37. Rb5+ Kf6 38. Rb6+ Kg5 39. h4+ Kg4 40. Rb4+ Kh3 41. h5 exf2+ 42. Kh1 Kxg3 43. Rc4 Rxb3 44. Rfc1 Re2 45. R1c3+ Rxc3 46. Rxc3+ Kg4 47. Kg2 Kxh5 48. Rh3+ Kg4 49. Rxh7 g5 50. Rh3 f1=Q+ 0-1


[Site "https://www.chess.com"]

[Event "Titled Tuesday Blitz February 07 Early 2023"]
[White "Smietanska, Wiktoria"]
[Black "Qashashvili, Alexandre"]
[WhiteFideId "21869359"]
[BlackFideId "13600842"]
[WhiteElo "1936"]
[BlackElo "2505"]
[Result "1-0"]
[Round "04"]
[TimeControl "180+2"]
[Date "2023.02.07"]
[WhiteClock "0:00:04"]
[BlackClock "0:00:07"]

1. c4 c5 2. Nf3 Nc6 3. Nc3 d6 4. d4 cxd4 5. Nxd4 Nf6 6. e4 g6 7. Be2 Bg7 8. Be3 O-O 9. O-O Nxd4 10. Bxd4 Bd7 11. Qd2 Bc6 12. f3 Rc8 13. b4 a6 14. Nd5 Nxd5 15. exd5 Bxd4+ 16. Qxd4 Bd7 17. h4 h5 18. g4 e5 19. dxe6 Bxe6 20. gxh5 gxh5 21. Rf2 f6 22. Rg2+ Kf7 23. Qe4 f5 24. Qxb7+ Rc7 25. Qb6 Rg8 26. Rd1 Rxg2+ 27. Kxg2 Rd7 28. Qxd8 Rxd8 29. c5 Rg8+ 30. Kf2 dxc5 31. bxc5 Bxa2 32. Bxa6 Ra8 33. Bb7 Ra3 34. c6 Rc3 35. Rd7+ Kf6 36. c7 Rc2+ 37. Ke1 Rc5 38. c8=Q Rxc8 39. Bxc8 Bd5 40. Rxd5 f4 41. Rxh5 Kg6 42. Rf5 Kh6 43. Rxf4 Kh5 44. Rg4 Kh6 45. f4 Kh5 46. f5 Kxg4 47. f6+ Kh5 48. f7 Kg6 49. f8=Q Kh5 50. Qf5+ Kh6 51. Qg4 Kh7 52. Bf5+ Kh8 53. Qh5+ Kg7 54. Qg6+ Kf8 55. h5 Ke7 56. h6 Kf8 57. h7 Ke7 58. Qe6+ Kd8 59. h8=Q+ Kc7 60. Qhc8# 1-0


[Site "https://www.chess.com"]

[Event "Titled Tuesday Blitz February 07 Early 2023"]
[White "Lopez Calderon, Alfonso Al"]
[Black "Hoffmann, Asa"]
[WhiteFideId "5116619"]
[BlackFideId "2001470"]
[WhiteElo "2120"]
[BlackElo "2185"]
[Result "1-0"]
[Round "04"]
[TimeControl "180+2"]
[Date "2023.02.07"]
[WhiteClock "0:00:09"]
[BlackClock "0:01:16"]

1. e4 d6 2. d4 Nf6 3. Nc3 c6 4. Be3 Ng4 5. Bg5 Qb6 6. Rb1 e5 7. Nf3 Nd7 8. Bc4 h6 9. Bh4 g5 10. Bg3 Bg7 11. dxe5 Ngxe5 12. Nxe5 Nxe5 13. Bb3 Qc7 14. O-O Be6 15. Bxe6 fxe6 16. Qh5+ Qf7 17. Qxf7+ Nxf7 18. f4 Bd4+ 19. Kh1 Bxc3 20. bxc3 b6 21. fxg5 hxg5 22. Rf6 Ke7 23. Rbf1 Rh7 24. Rg6 Rf8 25. Rff6 Nd8 26. Rxf8 Kxf8 27. Bxd6+ Kf7 28. Rxg5 Rh4 29. e5 Nb7 30. h3 Rc4 31. Kh2 Rxc3 32. h4 Rxc2 33. h5 Rc4 34. g4 Rc2+ 35. Kh3 Rc3+ 36. Kh4 Rc1 37. Rg6 Nxd6 38. exd6 Rd1 39. Rh6 Rxd6 40. Rh7+ Kg8 41. Rxa7 e5 42. g5 Re6 43. g6 e4 44. Kg5 e3 45. h6 Kf8 46. Ra8+ Ke7 47. h7 e2 48. h8=Q e1=Q 49. Qd8# 1-0


[Site "https://www.chess.com"]

[Event "Titled Tuesday Blitz February 07 Early 2023"]
[White "Nissinen, Niilo Man"]
[Black "Buscar, Michael"]
[WhiteFideId "30950767"]
[BlackFideId "2603616"]
[WhiteElo "1958"]
[BlackElo "2041"]
[Result "0-1"]
[Round "04"]
[TimeControl "180+2"]
[Date "2023.02.07"]
[WhiteClock "0:00:01"]
[BlackClock "0:00:15"]

1. e4 c5 2. Nf3 Nc6 3. c4 Nf6 4. Nc3 d6 5. d4 cxd4 6. Nxd4 g6 7. Be2 Bg7 8. Be3 O-O 9. O-O Bd7 10. f4 Rc8 11. Rc1 Qa5 12. Nb3 Qc7 13. Nd5 Qd8 14. Bf3 Re8 15. Nd4 Qa5 16. b4 Qxa2 17. Rf2 Nxd5 18. exd5 Qa3 19. dxc6 bxc6 20. Nc2 Qb3 21. Bd4 Qxc4 22. Bxg7 Kxg7 23. Ra1 Rc7 24. g3 Rb8 25. Rd2 Bf5 26. Ne3 Qxb4 27. Nxf5+ gxf5 28. Qc2 e6 29. Kg2 d5 30. Ra4 Qb3 31. Qxb3 Rxb3 32. Rda2 Rbb7 33. Rc2 c5 34. Ra5 c4 35. Kf2 Kf6 36. Ke3 Rb3+ 37. Ke2 Rcb7 38. Raa2 Rd3 39. Kf2 Rbb3 40. Be2 Rdc3 41. Rxc3 Rxc3 42. Rxa7 Rc2 43. Ke3 Rb2 44. Kf3 Rb3+ 45. Kf2 Rb2 46. Kf1 Rd2 47. Rc7 Ra2 48. Rc6 Ke7 49. Rc7+ Kf6 50. h4 Ra3 51. Kf2 Ra2 52. Rc8 Ra3 53. Kf1 Rb3 54. Rh8 Rxg3 55. Rxh7 c3 56. h5 d4 57. Rh6+ Kg7 0-1


[Site "https://www.chess.com"]

[Event "Titled Tuesday Blitz February 07 Early 2023"]
[White "Smith, Garrett L"]
[Black "Fernandez Siles, Luis"]
[WhiteFideId "2024829"]
[BlackFideId "2209420"]
[WhiteElo "2047"]
[BlackElo "2218"]
[Result "0-1"]
[Round "04"]
[TimeControl "180+2"]
[Date "2023.02.07"]
[WhiteClock "0:00:58"]
[BlackClock "0:00:38"]

1. e4 c5 2. a3 g6 3. b4 Bg7 4. Nc3 d6 5. Nf3 Nc6 6. bxc5 dxc5 7. Bc4 Nf6 8. Rb1 O-O 9. O-O Nd4 10. Be2 b6 11. d3 Bb7 12. Bd2 Nd7 13. Nxd4 cxd4 14. Na2 Nc5 15. f4 Rc8 16. Nc1 Na4 17. Nb3 Qc7 18. Na1 Nc3 19. Bxc3 dxc3 20. Nb3 a5 21. Bg4 e6 22. e5 a4 23. Nc1 Qc5+ 24. Kh1 Rfd8 25. Qe1 h5 26. Bf3 Bxf3 27. Rxf3 Rc6 28. Rb4 Qd5 29. Ne2 b5 30. Nxc3 Qc5 31. Nxb5 Qxc2 32. Nd6 Bf8 33. Rc4 Rxc4 34. dxc4 Bxd6 35. Rc3 Bb4 36. axb4 0-1


[Site "https://www.chess.com"]

[Event "Titled Tuesday Blitz February 07 Early 2023"]
[White "Kirillov, Dmitry"]
[Black "Ardila, Oscar Humberto"]
[WhiteFideId "34180572"]
[BlackFideId "4404742"]
[WhiteElo "2179"]
[BlackElo "1982"]
[Result "0-1"]
[Round "04"]
[TimeControl "180+2"]
[Date "2023.02.07"]
[WhiteClock "0:00:01"]
[BlackClock "0:00:28"]

1. e4 e5 2. Nf3 Nf6 3. Nxe5 d6 4. Nf3 Nxe4 5. Nc3 Nxc3 6. dxc3 Be7 7. Bf4 O-O 8. Qd2 Nd7 9. O-O-O Nf6 10. Bd3 c5 11. h4 b5 12. Ng5 Qa5 13. Kb1 Bb7 14. Qe2 Bd5 15. Qxe7 Qxa2+ 16. Kc1 b4 17. c4 Qa1+ 18. Kd2 Qxb2 19. Be3 Qc3+ 20. Ke2 Bxc4 21. Rd2 Bxd3+ 22. cxd3 Rad8 23. Ne4 Nxe4 24. Qxe4 Rfe8 25. Qd5 a5 26. Qc4 Qe5 27. Kd1 a4 28. Bf4 Qa1+ 29. Qc1 Qd4 30. g3 b3 31. Qc4 Qa1+ 32. Qc1 Qd4 33. Be3 Qd5 34. Re1 a3 35. Qc2 0-1


[Site "https://www.chess.com"]

[Event "Titled Tuesday Blitz February 07 Early 2023"]
[White "Matveeva, Olga"]
[Black "lisjakzlatko1"]
[WhiteFideId "24107018"]
[WhiteElo "2128"]
[BlackElo "2211"]
[Result "1-0"]
[Round "04"]
[TimeControl "180+2"]
[Date "2023.02.07"]
[WhiteClock "0:00:08"]
[BlackClock "0:00:05"]

1. d4 d5 2. c4 Nc6 3. Nc3 dxc4 4. Nf3 Bg4 5. d5 Na5 6. e4 c6 7. Be3 e6 8. Be2 exd5 9. exd5 Nf6 10. dxc6 Nxc6 11. Qa4 Bb4 12. Ne5 Bxc3+ 13. bxc3 Bxe2 14. Nxc6 Qd7 15. Kxe2 Qd3+ 16. Kf3 Qe4+ 17. Ke2 Qd3+ 18. Kf3 Qd5+ 19. Ke2 bxc6 20. Rad1 Qh5+ 21. f3 O-O 22. Qxc4 Qg6 23. Kf2 Nd5 24. Rhe1 Rfe8 25. Bc5 Qf6 26. Bd4 Qf5 27. Kg1 Qc2 28. Qxc6 Red8 29. Bf2 Nf4 30. Rxd8+ Rxd8 31. Re8+ Rxe8 32. Qxe8# 1-0


[Site "https://www.chess.com"]

[Event "Titled Tuesday Blitz February 07 Early 2023"]
[White "Hartikainen, Jarmo"]
[Black "Manon-og, Ramon Jr."]
[WhiteFideId "503134"]
[BlackFideId "5200776"]
[WhiteElo "2108"]
[BlackElo "1999"]
[Result "0-1"]
[Round "04"]
[TimeControl "180+2"]
[Date "2023.02.07"]
[WhiteClock "0:00:01"]
[BlackClock "0:00:13"]

1. e4 c5 2. c3 d6 3. d4 cxd4 4. cxd4 Nf6 5. Nc3 g6 6. f3 Bg7 7. Be3 O-O 8. Qd2 Re8 9. Bc4 Nc6 10. Nge2 Bd7 11. O-O Rc8 12. b3 a6 13. Rac1 Nb4 14. a3 Nc6 15. Bd3 Qa5 16. Qb2 Qh5 17. Qd2 Na5 18. Bc2 Nc6 19. b4 e5 20. Ng3 exd4 21. Nxh5 Nxh5 22. Nd5 dxe3 23. Nxe3 Nd4 24. Bd1 Bb5 25. Re1 Nf4 26. Rxc8 Rxc8 27. g3 Nd3 28. Rf1 Bh6 29. a4 Bc4 30. Nxc4 Bxd2 31. Nxd2 Nxb4 32. f4 Nd3 33. e5 dxe5 34. fxe5 Nxe5 35. Ne4 Rc1 36. Nf6+ Kg7 37. Ne8+ Kf8 38. Nd6 b5 39. axb5 axb5 40. Kf2 Ke7 41. Be2 Kxd6 42. Rxc1 b4 43. Rb1 b3 44. Bd1 b2 45. Ke3 Nf5+ 46. Kd2 h5 47. Kc3 Ne3 48. Be2 N5g4 49. Rxb2 Nxh2 50. Rd2+ Ke5 51. Bd1 Nhf1 52. Rd8 Nxd1+ 53. Rxd1 Nxg3 0-1


[Site "https://www.chess.com"]

[Event "Titled Tuesday Blitz February 07 Early 2023"]
[White "Fathy, Elameir"]
[Black "Kuchava, Ana"]
[WhiteFideId "10600396"]
[BlackFideId "13605348"]
[WhiteElo "2300"]
[BlackElo "2101"]
[Result "1-0"]
[Round "04"]
[TimeControl "180+2"]
[Date "2023.02.07"]
[WhiteClock "0:00:07"]
[BlackClock "0:00:04"]

1. d4 d5 2. Nf3 Nf6 3. c4 e6 4. Nc3 Be7 5. Bf4 c5 6. dxc5 Bxc5 7. e3 O-O 8. Qc2 Qa5 9. Rd1 Nc6 10. a3 Be7 11. Be2 dxc4 12. Bxc4 a6 13. O-O b5 14. Bd3 Bb7 15. Ne4 h6 16. Nc5 Bxc5 17. Qxc5 Rac8 18. Bb1 Nd5 19. Qc2 f5 20. Qe2 Qa4 21. Ba2 Nce7 22. Bd6 Rfe8 23. Nd4 Ng6 24. Bb3 Qa5 25. Nxe6 Rxe6 26. Bxd5 Bxd5 27. Rxd5 Rd8 28. Rfd1 Qa4 29. Bb4 a5 30. Rxd8+ Kh7 31. Bc3 Qb3 32. R8d2 Nf4 33. Qf1 Nd5 34. Bd4 f4 35. Qd3+ Qxd3 36. Rxd3 fxe3 37. Bxe3 Nxe3 38. Rxe3 Rc6 39. Red3 Rc2 40. R3d2 Rxb2 41. Rxb2 1-0


[Site "https://www.chess.com"]

[Event "Titled Tuesday Blitz February 07 Early 2023"]
[White "Von Buelow, Georg"]
[Black "Sahil, Tickoo"]
[WhiteFideId "4620658"]
[BlackFideId "5019710"]
[WhiteElo "2345"]
[BlackElo "2186"]
[Result "1-0"]
[Round "04"]
[TimeControl "180+2"]
[Date "2023.02.07"]
[WhiteClock "0:00:29"]
[BlackClock "0:00:48"]

1. e4 c5 2. Nf3 d5 3. exd5 Nf6 4. c4 e6 5. dxe6 Bxe6 6. Nc3 Nc6 7. Be2 Bd6 8. O-O a6 9. d3 Qc7 10. Bg5 O-O-O 11. Re1 h6 12. Bxf6 gxf6 13. Kh1 Rhg8 14. Ne4 Be5 15. Nxe5 fxe5 16. Nxc5 Nd4 17. Nxe6 Nxe6 18. Bg4 Kb8 19. Bxe6 fxe6 20. Qe2 Rg5 21. Rad1 Qc6 22. Qe4 Qb6 23. Re2 Rdg8 24. g3 h5 25. Kg2 Ka8 26. b3 Rf8 27. Rdd2 Rgf5 28. d4 exd4 29. Qxd4 Qc6+ 30. Kg1 h4 31. Qxh4 Qc8 32. Qe4 R5f6 33. Rd6 Ka7 34. Rxe6 Rxe6 35. Qxe6 Qd8 36. Qe3+ Ka8 37. Rd2 Qf6 38. Kg2 Qc6+ 39. Rd5 Qf6 40. h4 Qf7 41. Re5 Qg6 42. Re6 Qf7 43. Re7 Qf6 44. Re4 Qc6 45. Kg1 Rd8 46. Qe2 Qg6 47. Re6 Qb1+ 48. Kg2 Qh7 49. Re8 Rxe8 50. Qxe8+ Ka7 51. Qe3+ Ka8 52. Qf3 Qe7 53. h5 Qe6 54. Qe3 Qc6+ 55. Kg1 Qf6 56. h6 Qa1+ 57. Kg2 Qh8 58. Qg5 Qe8 59. Qf5 Qc6+ 60. Qf3 Qxh6 61. Qd5 Qg6 62. c5 Qc2 63. a4 Qc3 64. Qd8+ Ka7 65. Qb6+ Ka8 66. c6 bxc6 67. Qxa6+ Kb8 68. Qb6+ Kc8 69. a5 Qc2 70. a6 Qe4+ 71. Kg1 Qe1+ 72. Kh2 Kd7 73. a7 Qa1 74. Qb7+ Kd6 75. a8=Q Qxa8 76. Qxa8 Kc5 77. Qa7+ Kb5 78. Qe3 c5 79. Qe4 Kb6 80. Qc4 Kc6 81. b4 Kd6 82. Qxc5+ Kd7 83. f4 Ke6 84. g4 Kd7 85. g5 Ke6 86. f5+ Kf7 87. Kg3 Ke8 88. Kf4 Kd7 89. Ke4 Kd8 90. Kd4 Kd7 91. b5 Ke8 92. Qc7 Kf8 93. f6 Kg8 94. g6 Kf8 95. Kd5 Ke8 96. Kc6 Kf8 97. Kb7 Kg8 98. Kc8 Kf8 99. b6 Kg8 100. b7 Kf8 101. b8=Q Ke8 102. Kb7# 1-0


[Site "https://www.chess.com"]